Sasquatch vs Harfangs
Created - 18 mars 2016 at 19:13
Goals
|
| Sasquatch |
1 |
2 |
2 |
5 |
| Harfangs |
2 |
1 |
1 |
4 |
|
Shots
|
| Sasquatch |
10 |
19 |
11 |
40 |
| Harfangs |
16 |
9 |
8 |
33 |
|
1st period
1. Sasquatch , Brock Trotter 21 (Arturs Kulda) at 11:50
2. Harfangs , Petri Kontiola 25 (Dustin Jeffrey) at 13:25
3. Harfangs , Mats Zuccarello 28 (Alex Killorn) at 19:21
Penalties :
Mats Zuccarello (BEA) for Fighting (Major) at 11:51, Vitali Yachmenev (Gat) for Fighting (Major) at 11:51
2nd period
4. Sasquatch , Derek Stepan 21 (D.J King, Cam Atkinson) at 1:09
5. Harfangs , Chris Kreider 44 (Mats Zuccarello, Jeremy Duchesne) at 5:49 (PP)
6. Sasquatch , Brock Trotter 22 (Cameron Schilling, Drew Shore) at 13:16 (SH)
Penalties :
Drew Shore (Gat) for Tripping (Minor) at 5:32, Linden Vey (Gat) for Hooking (Minor) at 12:01, Derek Stepan (Gat) for Roughing (Minor) at 17:33
3rd period
7. Sasquatch , Vitali Yachmenev 3 (Derek Stepan) at 6:52 (SH)
8. Harfangs , Dennis Everberg 3 (Dustin Jeffrey, Petri Kontiola) at 8:23
9. Sasquatch , Linus Omark 34 (Mikael Backlund, Vitali Yachmenev) at 17:21
Penalties :
Linden Vey (Gat) for Hooking (Minor) at 6:07, Cameron Schilling (Gat) for Interference (Minor) at 11:45, Josh Bailey (Gat) for Hooking (Minor) at 17:34
Goalie Stats
Braden Holtby (Gat), 29 saves from 33 shots - (0,879), W, 24-21-2, 60:00 minutes
Jeremy Duchesne (BEA), 35 saves from 40 shots - (0,875), L, 17-12-5, 59:57 minutes
Players Stats for Sasquatch
Player Name G A P +/- PIM S H SB GA TA FO MP PP MP PK MP
------------------------------------------------------------------------------------
Andrej Sustr 0 0 0 2 0 0 0 0 0 0 0/0 11:41 0:00 0:07
Arturs Kulda 0 1 1 4 0 1 1 1 0 0 0/0 19:26 0:00 4:38
Brock Trotter 2 0 2 1 0 5 0 0 1 0 0/0 9:51 0:00 1:10
Cam Atkinson 0 1 1 0 0 1 2 0 0 0 0/1 16:36 0:00 0:00
Cameron Schilling 0 1 1 2 2 0 0 0 0 1 0/0 18:07 0:00 3:19
D.J King 0 1 1 0 0 4 0 0 0 0 1/1 22:24 0:00 6:10
Derek Stepan 1 1 2 1 2 6 0 0 0 0 14/28 18:39 0:00 2:15
Drew Shore 0 1 1 2 2 1 0 0 0 1 2/3 10:45 0:00 1:56
Jesper Fast 0 0 0 1 0 0 0 0 1 1 0/0 8:16 0:00 0:00
Josh Bailey 0 0 0 -1 2 4 0 0 0 1 0/0 12:55 0:00 0:00
Kevin Klein 0 0 0 -2 0 3 1 2 0 2 0/0 25:48 0:00 6:01
Linden Vey 0 0 0 -2 4 1 1 0 1 0 0/0 11:28 0:00 0:00
Linus Omark 1 0 1 0 0 2 2 1 0 0 6/9 19:29 0:00 5:52
Mikael Backlund 0 1 1 1 0 5 1 1 1 0 3/7 13:20 0:00 0:00
Nick Leddy 0 0 0 -1 0 4 1 1 1 0 0/0 20:39 0:00 0:52
Stephane Da Costa 0 0 0 -1 0 1 1 1 2 0 6/10 11:14 0:00 0:09
Vitali Yachmenev 1 1 2 2 5 2 3 0 1 0 0/0 14:37 0:00 2:52
Yann Sauvé 0 0 0 -1 0 0 0 0 0 0 0/0 24:26 0:00 5:27
Players Stats for Harfangs
Player Name G A P +/- PIM S H SB GA TA FO MP PP MP PK MP
------------------------------------------------------------------------------------
Alex Killorn 0 1 1 0 0 2 1 2 0 0 11/20 17:36 5:01 0:00
Alexandre Picard 0 0 0 -1 0 1 2 4 2 0 0/0 27:36 4:35 0:00
Andrew Orpik 0 0 0 0 0 1 2 3 0 3 0/0 27:46 5:37 0:00
Brandon Pirri 0 0 0 -1 0 0 0 0 0 0 3/10 12:12 0:00 0:00
Brian Lashoff 0 0 0 -1 0 2 0 1 0 3 0/0 18:17 5:37 0:00
Brock Nelson 0 0 0 -2 0 1 2 2 0 0 7/14 16:49 5:10 0:00
Cam Fowler 0 0 0 0 0 1 0 0 0 1 0/0 14:21 0:00 0:00
Chris Kreider 1 0 1 0 0 5 4 2 0 0 0/0 17:36 5:01 0:00
Dennis Everberg 1 0 1 1 0 1 1 0 1 0 0/0 12:27 0:00 0:00
Dustin Jeffrey 0 2 2 1 0 0 1 0 1 0 0/0 12:27 0:00 0:00
Emerson Etem 0 0 0 -1 0 0 1 1 0 0 0/0 13:07 0:01 0:00
Mats Zuccarello 1 1 2 0 5 7 1 1 0 0 1/1 16:18 5:01 0:00
Mike Hoffman 0 0 0 -2 0 1 2 0 0 0 0/1 17:28 5:10 0:00
Peter Olvecky 0 0 0 -3 0 3 1 0 0 0 0/1 17:28 5:10 0:00
Petri Kontiola 1 1 2 1 0 1 0 2 0 1 3/10 14:01 0:01 0:00
Reid McNeill 0 0 0 0 0 0 1 1 0 0 0/0 14:21 0:00 0:00
Tomas Tatar 0 0 0 0 0 6 2 1 0 0 2/2 12:29 0:01 0:00
Victor Bartley 0 0 0 -2 0 1 1 1 2 0 0/0 17:39 4:35 0:00
3 Stars
1 - Brock Trotter (Gat)
2 - Petri Kontiola (BEA)
3 - Arturs Kulda (Gat)
Power Play
Sasquatch - 0 on 1 Attempt(s) - 0,00%
Harfangs - 1 on 6 Attempt(s) - 16,67%
Penalty Kill
Sasquatch - 5 on 6 Attempt(s) - 83,33%
- Score 2 goal in Penalty Kill
Harfangs - 1 on 1 Attempt(s) - 100,00%
- Score 0 goal in Penalty Kill
Team Stat
Sasquatch - Hits : 13 - Faceoff Wins : 32 - Blocked Shots : 7 - Penalty Minutes : 17
Harfangs - Hits : 22 - Faceoff Wins : 27 - Blocked Shots : 21 - Penalty Minutes : 5
Official
Referees : Furlatt Eric and McCreary Bill
Linesman : Jean Morin and Jonny Murray
Game Notes
Mats Zuccarello and Vitali Yachmenev fight to a draw at 11:51 of 1st period
3:15 of 2nd period - Penalty Shot by Andrew Orpik for Harfangs - Shot Misses the Net
Finance
Level 1 -- Attendance: 1515 (75,75%) -- Ticket Income 45 450 $
Level 2 -- Attendance: 795 (79,50%) -- Ticket Income 11 925 $
Total Attendance: 2310 (77,00%)
Total Ticket Income: 57 375 $
Other Income: 2 869 $
Total Income: 60 244 $
Sasquatch
5 vs 5 Forward
Center Left Wing Right Wing Time % Phy DF OF
1 Derek Stepan D.J King Cam Atkinson 40 1 2 2
2 Mikael Backlund Linus Omark Vitali Yachmenev 30 1 2 2
3 Stephane Da Costa Josh Bailey Linden Vey 20 1 2 2
4 Drew Shore Brock Trotter Jesper Fast 10 1 2 2
5 vs 5 Defense
Defense Defense Time % Phy DF OF
1 Kevin Klein Nick Leddy 40 1 2 2
2 Yann Sauvé Cameron Schilling 30 1 2 2
3 Arturs Kulda Andrej Sustr 20 1 2 2
4 Arturs Kulda Yann Sauvé 10 1 2 2
PowerPlay Forward
Center Left Wing Right Wing Time % Phy DF OF
1 Derek Stepan D.J King Cam Atkinson 60 1 2 2
2 Mikael Backlund Linus Omark Vitali Yachmenev 40 1 2 2
PowerPlay Defense
Defense Defense Time % Phy DF OF
1 Kevin Klein Nick Leddy 60 1 2 2
2 Arturs Kulda Cameron Schilling 40 1 2 2
Penalty Kill 4 Players Forward
Center Wing Time % Phy DF OF
1 Linus Omark D.J King 60 1 2 2
2 Derek Stepan Vitali Yachmenev 40 1 2 2
Penalty Kill 4 Players Defense
Defense Defense Time % Phy DF OF
1 Kevin Klein Yann Sauvé 60 1 2 2
2 Cameron Schilling Arturs Kulda 40 1 2 2
Penalty Kill - 3 Players Forward
Forward Time % Phy DF OF
1 D.J King 60 1 2 2
2 Mikael Backlund 40 1 2 2
Penalty Kill - 3 Players Defense
Defense Defense Time % Phy DF OF
1 Kevin Klein Cameron Schilling 60 1 2 2
2 Arturs Kulda Yann Sauvé 40 1 2 2
4 vs 4 Forward
Center Wing Time % Phy DF OF
1 Derek Stepan Brock Trotter 60 1 2 2
2 Mikael Backlund Linus Omark 40 1 2 2
4 vs 4 Defense
Defense Defense Time % Phy DF OF
1 Kevin Klein Yann Sauvé 60 1 2 2
2 Cameron Schilling Arturs Kulda 40 1 2 2
Last Minutes Offensive
Center Left Wing Right Wing Defense Defense
Derek Stepan D.J King Cam Atkinson Kevin Klein Nick Leddy
Last Minutes Defensive
Center Left Wing Right Wing Defense Defense
Drew Shore D.J King Cam Atkinson Kevin Klein Yann Sauvé
Goaltenders
Starting : Braden Holtby
Backup : Jake Allen
Extra Forwards
Normal : Josh Bailey, Stephane Da Costa, Linus Omark - PP : Josh Bailey, Stephane Da Costa - PK : Linus Omark
Extra Defensemen
Normal : Yann Sauvé, Kevin Klein, Nick Leddy - PP : Yann Sauvé - PK : Cameron Schilling, Nick Leddy
Penalty Shots
Cam Atkinson, Linus Omark, Mikael Backlund, Vitali Yachmenev, Brock Trotter
Harfangs
5 vs 5 Forward
Center Left Wing Right Wing Time % Phy DF OF
1 Alex Killorn Chris Kreider Mats Zuccarello 25 1 2 2
2 Brock Nelson Tomas Tatar Mike Hoffman 25 1 2 2
3 Petri Kontiola Dustin Jeffrey Dennis Everberg 25 1 2 2
4 Brandon Pirri Peter Olvecky Emerson Etem 25 1 2 2
5 vs 5 Defense
Defense Defense Time % Phy DF OF
1 Alexandre Picard Victor Bartley 25 1 2 2
2 Brian Lashoff Andrew Orpik 25 1 2 2
3 Cam Fowler Reid McNeill 25 0 3 2
4 Alexandre Picard Andrew Orpik 25 1 2 2
PowerPlay Forward
Center Left Wing Right Wing Time % Phy DF OF
1 Alex Killorn Chris Kreider Mats Zuccarello 50 1 2 2
2 Brock Nelson Peter Olvecky Mike Hoffman 50 1 2 2
PowerPlay Defense
Defense Defense Time % Phy DF OF
1 Alexandre Picard Victor Bartley 50 1 2 2
2 Andrew Orpik Brian Lashoff 50 1 2 2
Penalty Kill 4 Players Forward
Center Wing Time % Phy DF OF
1 Brock Nelson Peter Olvecky 50 1 2 2
2 Alex Killorn Mats Zuccarello 50 1 2 2
Penalty Kill 4 Players Defense
Defense Defense Time % Phy DF OF
1 Alexandre Picard Victor Bartley 50 1 2 2
2 Brian Lashoff Andrew Orpik 50 1 2 2
Penalty Kill - 3 Players Forward
Forward Time % Phy DF OF
1 Brock Nelson 50 1 2 2
2 Alex Killorn 50 1 2 2
Penalty Kill - 3 Players Defense
Defense Defense Time % Phy DF OF
1 Alexandre Picard Victor Bartley 50 1 2 2
2 Brian Lashoff Andrew Orpik 50 1 2 2
4 vs 4 Forward
Center Wing Time % Phy DF OF
1 Alex Killorn Chris Kreider 50 1 2 2
2 Brock Nelson Peter Olvecky 50 1 2 2
4 vs 4 Defense
Defense Defense Time % Phy DF OF
1 Alexandre Picard Victor Bartley 50 1 2 2
2 Andrew Orpik Brian Lashoff 50 1 2 2
Last Minutes Offensive
Center Left Wing Right Wing Defense Defense
Petri Kontiola Chris Kreider Mats Zuccarello Alexandre Picard Andrew Orpik
Last Minutes Defensive
Center Left Wing Right Wing Defense Defense
Petri Kontiola Chris Kreider Mats Zuccarello Brian Lashoff Andrew Orpik
Goaltenders
Starting : Jeremy Duchesne
Backup : Darcy Kuemper
Extra Forwards
Normal : Petri Kontiola, Chris Kreider, Mats Zuccarello - PP : Petri Kontiola, Chris Kreider - PK : Mats Zuccarello
Extra Defensemen
Normal : Alexandre Picard, Andrew Orpik, Victor Bartley - PP : Andrew Orpik - PK : Alexandre Picard, Victor Bartley
Penalty Shots
Mats Zuccarello, Tomas Tatar, Petri Kontiola, Dustin Jeffrey, Peter Olvecky
% Time on Ice - Sasquatch
Lines # - Real PCT - Wanted PCT - Time Play
Normal Forward
1 - 34% - 40% - 16:39
2 - 27% - 30% - 13:33
3 - 22% - 20% - 10:56
4 - 17% - 10% - 8:16
Normal Defense
1 - 40% - 40% - 19:47
2 - 30% - 30% - 14:49
3 - 22% - 20% - 11:02
4 - 8% - 10% - 3:46
PP Forward
1 - 0% - 60%
2 - 0% - 40%
PP Defense
1 - 0% - 60%
2 - 0% - 40%
PK Forward
1 - 72% - 60% - 7:20
2 - 28% - 40% - 2:52
PK Defense
1 - 53% - 60% - 5:27
2 - 47% - 40% - 4:45
PK3 Forward
1 - 0% - 60%
2 - 0% - 40%
PK3 Defense
1 - 0% - 60%
2 - 0% - 40%
44 Forward
1 - 0% - 60%
2 - 0% - 40%
44 Defense
1 - 0% - 60%
2 - 0% - 40%
Last Minute Offensive - 0:00
Last Minute Defensive - 0:24
Total
Forward - 60:00
Defense - 60:00
|
% Time on Ice - Harfangs
Lines # - Real PCT - Wanted PCT - Time Play
Normal Forward
1 - 25% - 25% - 12:35
2 - 25% - 25% - 12:13
3 - 25% - 25% - 12:27
4 - 25% - 25% - 12:12
Normal Defense
1 - 26% - 25% - 13:04
2 - 25% - 25% - 12:19
3 - 29% - 25% - 14:21
4 - 20% - 25% - 9:43
PP Forward
1 - 49% - 50% - 5:01
2 - 51% - 50% - 5:11
PP Defense
1 - 45% - 50% - 4:35
2 - 55% - 50% - 5:37
PK Forward
1 - 0% - 50%
2 - 0% - 50%
PK Defense
1 - 0% - 50%
2 - 0% - 50%
PK3 Forward
1 - 0% - 50%
2 - 0% - 50%
PK3 Defense
1 - 0% - 50%
2 - 0% - 50%
44 Forward
1 - 0% - 50%
2 - 0% - 50%
44 Defense
1 - 0% - 50%
2 - 0% - 50%
Last Minute Offensive - 0:21
Last Minute Defensive - 0:00
Total
Forward - 60:00
Defense - 60:00
|
Play by Play
1st period
0:01 of 1st period - Derek Stepan wins face-off versus Alex Killorn in neutral zone.
0:03 of 1st period - Off-side.
0:04 of 1st period - Derek Stepan wins face-off versus Alex Killorn in neutral zone.
0:11 of 1st period - Wrist shot by D.J King.
0:11 of 1st period - Shot Blocked by Chris Kreider.
0:13 of 1st period - Wrist shot by Cam Atkinson.
0:13 of 1st period - Shot Blocked by Mats Zuccarello.
0:15 of 1st period - Wrist shot by Derek Stepan.
0:15 of 1st period - Shot Misses the Net.
0:17 of 1st period - Slapshot by Kevin Klein.
0:17 of 1st period - Stopped by Jeremy Duchesne with a rebound.
0:19 of 1st period - Wrist shot by Nick Leddy.
0:19 of 1st period - Deflect By Chris Kreider.
0:19 of 1st period - Stopped by Jeremy Duchesne with a rebound.
0:37 of 1st period - Snap shot by Chris Kreider.
0:37 of 1st period - Deflect By Brock Nelson.
0:37 of 1st period - Shot Blocked by Mikael Backlund.
0:37 of 1st period - Puck is out of play.
0:38 of 1st period - Stephane Da Costa wins face-off versus Petri Kontiola in Sasquatch zone.
0:47 of 1st period - Cameron Schilling is hit by Dustin Jeffrey and loses puck.
0:58 of 1st period - Yann Sauvé is hit by Andrew Orpik and loses puck.
1:33 of 1st period - Tomas Tatar is hit by Cam Atkinson and loses puck.
2:47 of 1st period - Wrist shot by Brock Trotter.
2:47 of 1st period - Stopped by Jeremy Duchesne with a rebound.
3:03 of 1st period - Reid McNeill is hit by Linus Omark and loses puck.
3:29 of 1st period - Andrew Orpik is hit by Arturs Kulda and loses puck.
4:01 of 1st period - Snap shot by Alexandre Picard.
4:01 of 1st period - Shot Blocked by Kevin Klein.
4:30 of 1st period - Brian Lashoff is hit by Vitali Yachmenev and loses puck.
5:05 of 1st period - Wrist shot by Josh Bailey.
5:05 of 1st period - Stopped by Jeremy Duchesne with a rebound.
5:07 of 1st period - Snap shot by Stephane Da Costa.
5:07 of 1st period - Shot Blocked by Petri Kontiola.
5:27 of 1st period - Wrist shot by Mats Zuccarello.
5:27 of 1st period - Shot Misses the Net.
5:29 of 1st period - Slapshot by Victor Bartley.
5:29 of 1st period - Stopped by Braden Holtby with a rebound.
5:31 of 1st period - Wrist shot by Chris Kreider.
5:31 of 1st period - Stopped by Braden Holtby with a rebound.
5:33 of 1st period - Snap shot by Mats Zuccarello.
5:33 of 1st period - Stopped by Braden Holtby without a rebound.
5:34 of 1st period - Brock Nelson wins face-off versus Derek Stepan in Sasquatch zone.
5:49 of 1st period - Snap shot by D.J King.
5:49 of 1st period - Shot Misses the Net.
6:04 of 1st period - Wrist shot by Mats Zuccarello.
6:04 of 1st period - Stopped by Braden Holtby with a rebound.
6:06 of 1st period - Wrist shot by Brian Lashoff.
6:06 of 1st period - Stopped by Braden Holtby without a rebound.
6:07 of 1st period - Petri Kontiola wins face-off versus Cam Atkinson in Sasquatch zone.
6:08 of 1st period - Snap shot by Dustin Jeffrey.
6:08 of 1st period - Shot Misses the Net.
6:32 of 1st period - Vitali Yachmenev is hit by Brock Nelson and loses puck.
6:37 of 1st period - Slapshot by Alexandre Picard.
6:37 of 1st period - Shot Blocked by Kevin Klein.
8:04 of 1st period - Wrist shot by Brock Nelson.
8:04 of 1st period - Stopped by Braden Holtby without a rebound.
8:05 of 1st period - Derek Stepan wins face-off versus Brandon Pirri in Sasquatch zone.
8:49 of 1st period - Josh Bailey is hit by Alexandre Picard and loses puck.
9:28 of 1st period - Slapshot by Peter Olvecky.
9:28 of 1st period - Stopped by Braden Holtby without a rebound.
9:29 of 1st period - Brandon Pirri wins face-off versus Derek Stepan in Sasquatch zone.
9:30 of 1st period - Snap shot by Peter Olvecky.
9:30 of 1st period - Stopped by Braden Holtby without a rebound.
9:31 of 1st period - Brandon Pirri wins face-off versus Derek Stepan in Sasquatch zone.
9:54 of 1st period - Kevin Klein is hit by Peter Olvecky and loses puck.
10:03 of 1st period - Backhand shot by Brandon Pirri.
10:03 of 1st period - Shot Misses the Net.
10:31 of 1st period - Snap shot by D.J King.
10:31 of 1st period - Shot Misses the Net.
10:37 of 1st period - D.J King is hit by Emerson Etem.
11:03 of 1st period - Snap shot by Brandon Pirri.
11:03 of 1st period - Deflect By Emerson Etem.
11:03 of 1st period - Shot Misses the Net.
11:03 of 1st period - Puck is out of play.
11:04 of 1st period - Alex Killorn wins face-off versus Mikael Backlund in Sasquatch zone.
11:50 of 1st period - Slapshot by Brock Trotter.
11:50 of 1st period - Goal by Brock Trotter - Sasquatch : 1 - Harfangs : 0.
11:51 of 1st period - Mikael Backlund wins face-off versus Alex Killorn in neutral zone.
11:51 of 1st period - Mats Zuccarello and Vitali Yachmenev fight to a draw.
11:51 of 1st period - Penalty to Mats Zuccarello for Fighting.
11:51 of 1st period - Penalty to Vitali Yachmenev for Fighting.
11:52 of 1st period - Alex Killorn wins face-off versus Mikael Backlund in neutral zone.
12:14 of 1st period - Icing by Andrew Orpik.
12:15 of 1st period - Alex Killorn wins face-off versus Derek Stepan in Harfangs zone.
12:20 of 1st period - Derek Stepan is hit by Andrew Orpik.
13:23 of 1st period - Slapshot by Dustin Jeffrey.
13:23 of 1st period - Shot Misses the Net.
13:25 of 1st period - Snap shot by Petri Kontiola.
13:25 of 1st period - Goal by Petri Kontiola - Sasquatch : 1 - Harfangs : 1.
13:26 of 1st period - Mikael Backlund wins face-off versus Mike Hoffman in neutral zone.
13:28 of 1st period - Off-side.
13:29 of 1st period - Mikael Backlund wins face-off versus Alex Killorn in neutral zone.
13:32 of 1st period - Chris Kreider is hit by Mikael Backlund and loses puck.
15:33 of 1st period - Snap shot by Chris Kreider.
15:33 of 1st period - Shot Misses the Net.
15:47 of 1st period - Icing by Josh Bailey.
15:48 of 1st period - Drew Shore wins face-off versus Petri Kontiola in Sasquatch zone.
16:16 of 1st period - Wrist shot by Brandon Pirri.
16:16 of 1st period - Shot Misses the Net.
16:41 of 1st period - Slapshot by Tomas Tatar.
16:41 of 1st period - Shot Blocked by Arturs Kulda.
16:43 of 1st period - Slapshot by Andrew Orpik.
16:43 of 1st period - Deflect By Tomas Tatar.
16:43 of 1st period - Shot Misses the Net.
16:43 of 1st period - Puck is out of play.
16:44 of 1st period - Brock Nelson wins face-off versus Stephane Da Costa in Sasquatch zone.
16:45 of 1st period - Wrist shot by Tomas Tatar.
16:45 of 1st period - Stopped by Braden Holtby without a rebound.
16:46 of 1st period - Stephane Da Costa wins face-off versus Brock Nelson in Sasquatch zone.
16:46 of 1st period - Stephane Da Costa is hit by Mike Hoffman.
16:52 of 1st period - Wrist shot by Linden Vey.
16:52 of 1st period - Stopped by Jeremy Duchesne with a rebound.
16:54 of 1st period - Wrist shot by Josh Bailey.
16:54 of 1st period - Shot Blocked by Brock Nelson.
16:56 of 1st period - Slapshot by Yann Sauvé.
16:56 of 1st period - Shot Blocked by Brian Lashoff.
16:58 of 1st period - Wrist shot by Yann Sauvé.
16:58 of 1st period - Shot Misses the Net.
17:00 of 1st period - Wrist shot by Stephane Da Costa.
17:00 of 1st period - Stopped by Jeremy Duchesne with a rebound.
17:02 of 1st period - Slapshot by Yann Sauvé.
17:02 of 1st period - Deflect By Josh Bailey.
17:02 of 1st period - Shot Misses the Net.
17:02 of 1st period - Puck is out of play.
17:03 of 1st period - Derek Stepan wins face-off versus Alex Killorn in Harfangs zone.
17:10 of 1st period - Snap shot by Derek Stepan.
17:10 of 1st period - Shot Misses the Net.
17:16 of 1st period - Derek Stepan is hit by Mats Zuccarello and loses puck.
18:39 of 1st period - Snap shot by Alex Killorn.
18:39 of 1st period - Stopped by Braden Holtby with a rebound.
18:41 of 1st period - Slapshot by Chris Kreider.
18:41 of 1st period - Stopped by Braden Holtby with a rebound.
18:43 of 1st period - Wrist shot by Chris Kreider.
18:43 of 1st period - Shot Misses the Net.
18:53 of 1st period - Wrist shot by Brock Nelson.
18:53 of 1st period - Shot Misses the Net.
18:55 of 1st period - Wrist shot by Mike Hoffman.
18:55 of 1st period - Shot Misses the Net.
18:57 of 1st period - Wrist shot by Tomas Tatar.
18:57 of 1st period - Stopped by Braden Holtby without a rebound.
18:58 of 1st period - Brock Nelson wins face-off versus Mikael Backlund in Sasquatch zone.
19:13 of 1st period - Snap shot by Mike Hoffman.
19:13 of 1st period - Deflect By Kevin Klein.
19:13 of 1st period - Shot Misses the Net.
19:13 of 1st period - Puck is out of play.
19:14 of 1st period - Alex Killorn wins face-off versus Derek Stepan in Sasquatch zone.
19:15 of 1st period - Backhand shot by Mats Zuccarello.
19:15 of 1st period - Shot Misses the Net.
19:17 of 1st period - Slapshot by Mats Zuccarello.
19:17 of 1st period - Shot Misses the Net.
19:19 of 1st period - Wrist shot by Mats Zuccarello.
19:19 of 1st period - Stopped by Braden Holtby with a rebound.
19:21 of 1st period - Backhand shot by Mats Zuccarello.
19:21 of 1st period - Goal by Mats Zuccarello - Sasquatch : 1 - Harfangs : 2.
19:22 of 1st period - Alex Killorn wins face-off versus Derek Stepan in neutral zone.
19:31 of 1st period - Wrist shot by Mats Zuccarello.
19:31 of 1st period - Stopped by Braden Holtby without a rebound.
19:32 of 1st period - Alex Killorn wins face-off versus Derek Stepan in Sasquatch zone.
19:41 of 1st period - Snap shot by Derek Stepan.
19:41 of 1st period - Shot Blocked by Alexandre Picard.
19:43 of 1st period - Slapshot by Derek Stepan.
19:43 of 1st period - Stopped by Jeremy Duchesne with a rebound.
19:45 of 1st period - Slapshot by D.J King.
19:45 of 1st period - Stopped by Jeremy Duchesne with a rebound.
19:47 of 1st period - Snap shot by Derek Stepan.
19:47 of 1st period - Stopped by Jeremy Duchesne without a rebound.
19:48 of 1st period - Brock Nelson wins face-off versus Mikael Backlund in Harfangs zone.
Goals for this period are 1 for Sasquatch vs 2 for Harfangs.
Shots for this period are 10 for Sasquatch vs 16 for Harfangs.
2nd period
0:01 of 2nd period - Derek Stepan wins face-off versus Petri Kontiola in neutral zone.
0:12 of 2nd period - Snap shot by Derek Stepan.
0:12 of 2nd period - Stopped by Jeremy Duchesne without a rebound.
0:13 of 2nd period - Tomas Tatar wins face-off versus Stephane Da Costa in Harfangs zone.
0:20 of 2nd period - Snap shot by Josh Bailey.
0:20 of 2nd period - Stopped by Jeremy Duchesne with a rebound.
1:09 of 2nd period - Snap shot by Derek Stepan.
1:09 of 2nd period - Goal by Derek Stepan - Sasquatch : 2 - Harfangs : 2.
1:10 of 2nd period - Brandon Pirri wins face-off versus Derek Stepan in neutral zone.
1:35 of 2nd period - Vitali Yachmenev is hit by Brock Nelson and loses puck.
1:55 of 2nd period - Off-side.
1:56 of 2nd period - Alex Killorn wins face-off versus Stephane Da Costa in neutral zone.
2:11 of 2nd period - Snap shot by Chris Kreider.
2:11 of 2nd period - Stopped by Braden Holtby without a rebound.
2:12 of 2nd period - Derek Stepan wins face-off versus Petri Kontiola in Sasquatch zone.
2:25 of 2nd period - Snap shot by D.J King.
2:25 of 2nd period - Shot Misses the Net.
2:27 of 2nd period - Slapshot by Nick Leddy.
2:27 of 2nd period - Deflect By Derek Stepan.
2:27 of 2nd period - Shot Misses the Net.
2:27 of 2nd period - Puck is out of play.
2:28 of 2nd period - Linus Omark wins face-off versus Brock Nelson in Harfangs zone.
3:02 of 2nd period - Snap shot by Mikael Backlund.
3:02 of 2nd period - Stopped by Jeremy Duchesne without a rebound.
3:03 of 2nd period - Derek Stepan wins face-off versus Brandon Pirri in Harfangs zone.
3:15 of 2nd period - Penalty Shot by Andrew Orpik for Harfangs.
3:15 of 2nd period - Deke by Andrew Orpik.
3:15 of 2nd period - Shot Misses the Net.
3:16 of 2nd period - Mats Zuccarello wins face-off versus Derek Stepan in Harfangs zone.
3:30 of 2nd period - Wrist shot by Derek Stepan.
3:30 of 2nd period - Shot Blocked by Chris Kreider.
3:49 of 2nd period - Wrist shot by Dustin Jeffrey.
3:49 of 2nd period - Shot Misses the Net.
4:33 of 2nd period - Wrist shot by Tomas Tatar.
4:33 of 2nd period - Stopped by Braden Holtby without a rebound.
4:34 of 2nd period - Alex Killorn wins face-off versus Derek Stepan in Sasquatch zone.
5:13 of 2nd period - Snap shot by Mikael Backlund.
5:13 of 2nd period - Shot Blocked by Petri Kontiola.
5:32 of 2nd period - Minor Penalty to Drew Shore for Tripping.
5:33 of 2nd period - Linus Omark wins face-off versus Alex Killorn in Sasquatch zone.
5:49 of 2nd period - Slapshot by Chris Kreider.
5:49 of 2nd period - Goal by Chris Kreider - Sasquatch : 2 - Harfangs : 3.
5:50 of 2nd period - Derek Stepan wins face-off versus Brandon Pirri in neutral zone.
6:15 of 2nd period - Mats Zuccarello is hit by Linus Omark and loses puck.
6:24 of 2nd period - Slapshot by Alexandre Picard.
6:24 of 2nd period - Stopped by Braden Holtby with a rebound.
6:36 of 2nd period - Cameron Schilling is hit by Chris Kreider.
6:44 of 2nd period - Linus Omark is hit by Chris Kreider and loses puck.
6:51 of 2nd period - Snap shot by Kevin Klein.
6:51 of 2nd period - Stopped by Jeremy Duchesne with a rebound.
7:14 of 2nd period - Slapshot by Mikael Backlund.
7:14 of 2nd period - Stopped by Jeremy Duchesne without a rebound.
7:15 of 2nd period - Brock Nelson wins face-off versus Derek Stepan in Harfangs zone.
7:42 of 2nd period - Snap shot by Josh Bailey.
7:42 of 2nd period - Stopped by Jeremy Duchesne with a rebound.
7:44 of 2nd period - Slapshot by Arturs Kulda.
7:44 of 2nd period - Stopped by Jeremy Duchesne without a rebound.
7:45 of 2nd period - Stephane Da Costa wins face-off versus Brandon Pirri in Harfangs zone.
8:14 of 2nd period - Slapshot by D.J King.
8:14 of 2nd period - Stopped by Jeremy Duchesne with a rebound.
8:29 of 2nd period - Off-side.
8:30 of 2nd period - Brock Nelson wins face-off versus Drew Shore in neutral zone.
8:35 of 2nd period - Wrist shot by Tomas Tatar.
8:35 of 2nd period - Shot Misses the Net.
9:16 of 2nd period - Petri Kontiola is hit by Linden Vey and loses puck.
9:23 of 2nd period - Cameron Schilling is hit by Alexandre Picard.
9:37 of 2nd period - Snap shot by Mikael Backlund.
9:37 of 2nd period - Shot Blocked by Alex Killorn.
10:18 of 2nd period - Wrist shot by Arturs Kulda.
10:18 of 2nd period - Shot Hit the Post.
10:28 of 2nd period - Wrist shot by Peter Olvecky.
10:28 of 2nd period - Stopped by Braden Holtby with a rebound.
10:44 of 2nd period - Snap shot by Stephane Da Costa.
10:44 of 2nd period - Shot Blocked by Alexandre Picard.
11:01 of 2nd period - Wrist shot by Vitali Yachmenev.
11:01 of 2nd period - Stopped by Jeremy Duchesne with a rebound.
11:03 of 2nd period - Wrist shot by Mikael Backlund.
11:03 of 2nd period - Stopped by Jeremy Duchesne with a rebound.
11:05 of 2nd period - Slapshot by Nick Leddy.
11:05 of 2nd period - Stopped by Jeremy Duchesne with a rebound.
11:07 of 2nd period - Slapshot by Kevin Klein.
11:07 of 2nd period - Stopped by Jeremy Duchesne with a rebound.
11:09 of 2nd period - Slapshot by Nick Leddy.
11:09 of 2nd period - Stopped by Jeremy Duchesne with a rebound.
11:11 of 2nd period - Snap shot by Mikael Backlund.
11:11 of 2nd period - Stopped by Jeremy Duchesne with a rebound.
12:01 of 2nd period - Minor Penalty to Linden Vey for Hooking.
12:02 of 2nd period - Brock Nelson wins face-off versus Linus Omark in Sasquatch zone.
12:13 of 2nd period - Snap shot by D.J King.
12:13 of 2nd period - Stopped by Jeremy Duchesne with a rebound.
12:51 of 2nd period - Wrist shot by Linus Omark.
12:51 of 2nd period - Shot Blocked by Brock Nelson.
13:08 of 2nd period - Slapshot by Brock Trotter.
13:08 of 2nd period - Shot Blocked by Andrew Orpik.
13:16 of 2nd period - Snap shot by Brock Trotter.
13:16 of 2nd period - Goal by Brock Trotter - Sasquatch : 3 - Harfangs : 3.
13:17 of 2nd period - Linus Omark wins face-off versus Alex Killorn in neutral zone.
14:01 of 2nd period - Penalty to Linden Vey is over, Linden Vey is back on ice.
14:10 of 2nd period - Kevin Klein is hit by Dennis Everberg and loses puck.
14:52 of 2nd period - Cam Atkinson is hit by Tomas Tatar.
15:43 of 2nd period - Icing by Kevin Klein.
15:44 of 2nd period - Stephane Da Costa wins face-off versus Brock Nelson in Sasquatch zone.
15:53 of 2nd period - Snap shot by Tomas Tatar.
15:53 of 2nd period - Stopped by Braden Holtby without a rebound.
15:54 of 2nd period - Derek Stepan wins face-off versus Brock Nelson in Sasquatch zone.
16:03 of 2nd period - Wrist shot by D.J King.
16:03 of 2nd period - Shot Blocked by Tomas Tatar.
16:05 of 2nd period - Wrist shot by Cam Atkinson.
16:05 of 2nd period - Shot Blocked by Andrew Orpik.
16:07 of 2nd period - Wrist shot by Cam Atkinson.
16:07 of 2nd period - Shot Blocked by Andrew Orpik.
16:30 of 2nd period - Snap shot by Peter Olvecky.
16:30 of 2nd period - Shot Blocked by Linus Omark.
16:32 of 2nd period - Slapshot by Alexandre Picard.
16:32 of 2nd period - Shot Misses the Net.
16:42 of 2nd period - Snap shot by Vitali Yachmenev.
16:42 of 2nd period - Deflect By Josh Bailey.
16:42 of 2nd period - Stopped by Jeremy Duchesne with a rebound.
17:12 of 2nd period - Snap shot by Brock Nelson.
17:12 of 2nd period - Deflect By Tomas Tatar.
17:12 of 2nd period - Stopped by Braden Holtby without a rebound.
17:13 of 2nd period - Derek Stepan wins face-off versus Brock Nelson in Sasquatch zone.
17:22 of 2nd period - Snap shot by Cam Atkinson.
17:22 of 2nd period - Stopped by Jeremy Duchesne without a rebound.
17:23 of 2nd period - Petri Kontiola wins face-off versus Derek Stepan in Harfangs zone.
17:30 of 2nd period - Snap shot by Dustin Jeffrey.
17:30 of 2nd period - Deflect By Petri Kontiola.
17:30 of 2nd period - Shot Misses the Net.
17:30 of 2nd period - Puck is out of play.
17:31 of 2nd period - Derek Stepan wins face-off versus Petri Kontiola in Sasquatch zone.
17:33 of 2nd period - Minor Penalty to Derek Stepan for Roughing.
17:34 of 2nd period - Linus Omark wins face-off versus Brock Nelson in Sasquatch zone.
17:34 of 2nd period - Linus Omark is hit by Victor Bartley.
18:05 of 2nd period - Wrist shot by Chris Kreider.
18:05 of 2nd period - Stopped by Braden Holtby without a rebound.
18:06 of 2nd period - Alex Killorn wins face-off versus Linus Omark in Sasquatch zone.
18:21 of 2nd period - Slapshot by Mats Zuccarello.
18:21 of 2nd period - Stopped by Braden Holtby with a rebound.
18:37 of 2nd period - Snap shot by Drew Shore.
18:37 of 2nd period - Shot Misses the Net.
19:13 of 2nd period - Drew Shore is hit by Chris Kreider and loses puck.
19:30 of 2nd period - Brock Nelson is hit by Vitali Yachmenev and loses puck.
19:33 of 2nd period - Penalty to Derek Stepan is over, Derek Stepan is back on ice.
Goals for this period are 2 for Sasquatch vs 1 for Harfangs.
Shots for this period are 19 for Sasquatch vs 9 for Harfangs.
3rd period
0:01 of 3rd period - Derek Stepan wins face-off versus Brandon Pirri in neutral zone.
0:15 of 3rd period - Andrew Orpik is hit by Cam Atkinson and loses puck.
0:55 of 3rd period - Snap shot by Tomas Tatar.
0:55 of 3rd period - Deflect By Mike Hoffman.
0:55 of 3rd period - Deflect By Stephane Da Costa.
0:55 of 3rd period - Stopped by Braden Holtby with a rebound.
1:33 of 3rd period - Wrist shot by Derek Stepan.
1:33 of 3rd period - Stopped by Jeremy Duchesne with a rebound.
1:35 of 3rd period - Snap shot by Derek Stepan.
1:35 of 3rd period - Shot Blocked by Reid McNeill.
2:03 of 3rd period - Alex Killorn is hit by Kevin Klein.
2:13 of 3rd period - Kevin Klein is hit by Mike Hoffman.
2:45 of 3rd period - Wrist shot by Dustin Jeffrey.
2:45 of 3rd period - Shot Misses the Net.
3:51 of 3rd period - Brock Trotter is hit by Reid McNeill and loses puck.
4:48 of 3rd period - Linden Vey is hit by Chris Kreider and loses puck.
5:15 of 3rd period - Slapshot by Brock Trotter.
5:15 of 3rd period - Stopped by Jeremy Duchesne without a rebound.
5:16 of 3rd period - Drew Shore wins face-off versus Peter Olvecky in Harfangs zone.
5:23 of 3rd period - Snap shot by Brock Trotter.
5:23 of 3rd period - Stopped by Jeremy Duchesne without a rebound.
5:24 of 3rd period - Derek Stepan wins face-off versus Brandon Pirri in Harfangs zone.
5:33 of 3rd period - Snap shot by D.J King.
5:33 of 3rd period - Shot Misses the Net.
5:35 of 3rd period - Snap shot by D.J King.
5:35 of 3rd period - Shot Hit the Post.
5:37 of 3rd period - Slapshot by Cam Atkinson.
5:37 of 3rd period - Shot Blocked by Alexandre Picard.
6:07 of 3rd period - Minor Penalty to Linden Vey for Hooking.
6:08 of 3rd period - Alex Killorn wins face-off versus Linus Omark in Sasquatch zone.
6:52 of 3rd period - Snap shot by Vitali Yachmenev.
6:52 of 3rd period - Goal by Vitali Yachmenev - Sasquatch : 4 - Harfangs : 3.
6:53 of 3rd period - D.J King wins face-off versus Brock Nelson in neutral zone.
8:07 of 3rd period - Penalty to Linden Vey is over, Linden Vey is back on ice.
8:21 of 3rd period - Snap shot by Dustin Jeffrey.
8:21 of 3rd period - Shot Misses the Net.
8:23 of 3rd period - Wrist shot by Dennis Everberg.
8:23 of 3rd period - Goal by Dennis Everberg - Sasquatch : 4 - Harfangs : 4.
8:24 of 3rd period - Tomas Tatar wins face-off versus Derek Stepan in neutral zone.
8:29 of 3rd period - Slapshot by Alexandre Picard.
8:29 of 3rd period - Shot Misses the Net.
8:57 of 3rd period - Alex Killorn is hit by Nick Leddy and loses puck.
9:45 of 3rd period - Andrew Orpik is hit by Vitali Yachmenev and loses puck.
10:06 of 3rd period - Snap shot by Linus Omark.
10:06 of 3rd period - Stopped by Jeremy Duchesne with a rebound.
10:08 of 3rd period - Snap shot by Nick Leddy.
10:08 of 3rd period - Shot Misses the Net.
10:22 of 3rd period - Snap shot by Tomas Tatar.
10:22 of 3rd period - Shot Misses the Net.
10:32 of 3rd period - Wrist shot by Mikael Backlund.
10:32 of 3rd period - Stopped by Jeremy Duchesne with a rebound.
10:34 of 3rd period - Backhand shot by Nick Leddy.
10:34 of 3rd period - Stopped by Jeremy Duchesne without a rebound.
10:35 of 3rd period - Alex Killorn wins face-off versus Derek Stepan in Harfangs zone.
11:00 of 3rd period - Emerson Etem is hit by Stephane Da Costa and loses puck.
11:45 of 3rd period - Minor Penalty to Cameron Schilling for Interference.
11:46 of 3rd period - Linus Omark wins face-off versus Alex Killorn in Sasquatch zone.
11:50 of 3rd period - Wrist shot by D.J King.
11:50 of 3rd period - Shot Blocked by Victor Bartley.
11:52 of 3rd period - Slapshot by Linus Omark.
11:52 of 3rd period - Shot Blocked by Alex Killorn.
13:45 of 3rd period - Penalty to Cameron Schilling is over, Cameron Schilling is back on ice.
13:47 of 3rd period - Andrej Sustr is hit by Tomas Tatar and loses puck.
13:52 of 3rd period - Slapshot by Tomas Tatar.
13:52 of 3rd period - Stopped by Braden Holtby without a rebound.
13:53 of 3rd period - Stephane Da Costa wins face-off versus Petri Kontiola in Sasquatch zone.
14:28 of 3rd period - Snap shot by D.J King.
14:28 of 3rd period - Stopped by Jeremy Duchesne with a rebound.
14:30 of 3rd period - Slapshot by Derek Stepan.
14:30 of 3rd period - Stopped by Jeremy Duchesne with a rebound.
14:32 of 3rd period - Wrist shot by Cam Atkinson.
14:32 of 3rd period - Shot Blocked by Alexandre Picard.
14:46 of 3rd period - Arturs Kulda is hit by Alex Killorn and loses puck.
15:11 of 3rd period - Snap shot by Drew Shore.
15:11 of 3rd period - Stopped by Jeremy Duchesne with a rebound.
16:20 of 3rd period - Slapshot by Cam Fowler.
16:20 of 3rd period - Stopped by Braden Holtby with a rebound.
16:43 of 3rd period - Snap shot by Mats Zuccarello.
16:43 of 3rd period - Stopped by Braden Holtby with a rebound.
16:45 of 3rd period - Snap shot by Victor Bartley.
16:45 of 3rd period - Shot Misses the Net.
16:47 of 3rd period - Snap shot by Alex Killorn.
16:47 of 3rd period - Stopped by Braden Holtby without a rebound.
16:48 of 3rd period - Derek Stepan wins face-off versus Brandon Pirri in Sasquatch zone.
17:03 of 3rd period - Wrist shot by D.J King.
17:03 of 3rd period - Shot Blocked by Emerson Etem.
17:21 of 3rd period - Wrist shot by Linus Omark.
17:21 of 3rd period - Goal by Linus Omark - Sasquatch : 5 - Harfangs : 4.
17:22 of 3rd period - Petri Kontiola wins face-off versus Stephane Da Costa in neutral zone.
17:25 of 3rd period - Slapshot by Andrew Orpik.
17:25 of 3rd period - Shot Blocked by Nick Leddy.
17:27 of 3rd period - Slapshot by Alexandre Picard.
17:27 of 3rd period - Shot Misses the Net.
17:29 of 3rd period - Wrist shot by Dustin Jeffrey.
17:29 of 3rd period - Shot Blocked by Stephane Da Costa.
17:31 of 3rd period - Slapshot by Andrew Orpik.
17:31 of 3rd period - Deflect By Nick Leddy.
17:31 of 3rd period - Stopped by Braden Holtby without a rebound.
17:32 of 3rd period - Stephane Da Costa wins face-off versus Petri Kontiola in Sasquatch zone.
17:34 of 3rd period - Minor Penalty to Josh Bailey for Hooking.
17:35 of 3rd period - Linus Omark wins face-off versus Alex Killorn in Sasquatch zone.
19:34 of 3rd period - Penalty to Josh Bailey is over, Josh Bailey is back on ice.
19:57 of 3rd period - Harfangs, Jeremy Duchesne is pulled from the net.
19:57 of 3rd period - Backhand shot by Brian Lashoff.
19:57 of 3rd period - Shot Misses the Net.
19:59 of 3rd period - Slapshot by Brian Lashoff.
19:59 of 3rd period - Deflect By Josh Bailey.
19:59 of 3rd period - Stopped by Braden Holtby without a rebound.
Goals for this period are 2 for Sasquatch vs 1 for Harfangs.
Shots for this period are 11 for Sasquatch vs 8 for Harfangs.
Back to the Top